 Dungeon Crawl Stone Soup version 0.28.0-53-g5a82cb258f (console) character file.

Game seed: 12774078746812815519

554 erker the Chiller (level 7, -1/51 HPs)
             Began as an Octopode Transmuter on July 4, 2022.
             Slain by an ogre
             ... wielding a +0 giant spiked club
              (22 damage)
             ... on level 5 of the Dungeon.
             The game lasted 00:23:44 (5299 turns).

erker the Chiller (Octopode Transmuter)             Turns: 5299, Time: 00:23:45

Health: -1/51      AC:  7    Str:  9    XL:     7   Next: 30%
Magic:  15/19      EV: 10    Int: 18    God:
Gold:   225        SH:  0    Dex: 12    Spells: 5/10 levels left

rFire   x . .      SeeInvis .     - Unarmed
rCold   + + +      Faith    .   (shield currently unavailable)
rNeg    . . .      Spirit   .   (helmet currently unavailable)
rPois   +          Reflect  .   (no amulet)
rElec   .          Harm     .   o - ring of magical power
rCorr   .          Rampage  .   B - ring of flight
Will    .....                   (no ring)
Stlth   ++........              (no ring)
HPRegen 0.17/turn               (no ring)
MPRegen 0.16/turn               (no ring)
                                (no ring)
                                (no ring)

@: ice-form, flying
A: freezing attack, boosted hp, almost no armour, amphibious, 8 rings, large,
(camouflage 1), (gelatinous body 1), (nimble swimmer 1), (tentacles)
a: End Transformation


You were on level 5 of the Dungeon.
You were a creature of crystalline ice.
You visited 2 branches of the dungeon, and saw 6 of its levels.

You collected 225 gold pieces.

Inventory:

Hand Weapons
 b - a +0 dagger
 u - a +0 hand crossbow
 x - a +0 spear
Missiles
 c - 170 stones
 f - 7 poisoned darts
 g - 37 arrows
 j - 89 bolts
Jewellery
 o - a ring of magical power (left front paw)
 B - a ring of flight (right front paw)
Scrolls
 a - 2 scrolls of amnesia {unknown}
 d - 5 scrolls of teleportation {unknown}
 e - 2 scrolls of immolation {unknown}
 k - 5 scrolls of identify {unknown}
 l - a scroll of enchant weapon {unknown}
 r - a scroll of fear {unknown}
 s - a scroll of vulnerability {unknown}
 t - a scroll of summoning {unknown}
 v - 2 scrolls of magic mapping {unknown}
 w - 2 scrolls of brand weapon {unknown}
 y - a scroll of fog {unknown}
 z - a scroll of noise {unknown}
Potions
 h - a potion of lignification
 i - a potion of berserk rage {unknown}
 m - 3 potions of curing {unknown}
 n - a potion of heal wounds {unknown}
 p - a potion of flight {unknown}
 q - a potion of invisibility {unknown}
 A - a potion of degeneration {unknown}
 C - a potion of mutation {unknown}


   Skills:
 - Level 1.0 Fighting
 - Level 2.0 Dodging
 - Level 1.5 Stealth
 - Level 4.0 Unarmed Combat
 - Level 2.0 Spellcasting
 - Level 4.0 Transmutations
 * Level 5.8 Ice Magic


You had 5 spell levels left.
You knew the following spells:

 Your Spells              Type           Power      Damage    Failure   Level
a - Beastly Appendage     Tmut           32%        N/A       3%          1
y - Ice Form              Ice/Tmut       19%        N/A       24%         4

Your spell library contained the following spells:

 Spells                   Type           Power      Damage    Failure   Level
 Frozen Ramparts          Ice            44%        1d6       4%          3
 Wereblood                Tmut           16%        N/A       5%          2
 Spider Form              Tmut/Pois      9%         N/A       24%         3
 Summon Ice Beast         Ice/Summ       12%        N/A       50%         4


Dungeon Overview and Level Annotations

Branches:
Dungeon (5/15)             Temple (1/1) D:4

Altars:
Ashenzari
Elyvilon
Fedhas
Gozag
Hepliaklqana
Kikubaaqudgha
Nemelex Xobeh
Okawaru
Ru
Sif Muna
Trog
Vehumet
Wu Jian
Xom
The Shining One

Shops:
D:2 [   D:4 [(


Innate Abilities, Weirdness & Mutations

You are a creature of crystalline ice.
You have a powerful freezing melee attack.
Your maximum health is increased.
Your armour is entirely melded.
You are incapable of wielding weapons or throwing items.
You cannot wear most types of armour.
You are amphibious.
You can wear up to eight rings at the same time.
((Your skin changes colour to match your surroundings (Stealth+).))
((Your rubbery body absorbs attacks. (AC +1, EV +1)))
((You are camouflaged when in or above water. (Stealth+)))
((You have tentacles for arms and can constrict up to eight enemies at once.))


Message History

Found 18 bolts.
Found a short sword and a sapphire potion.
You punch the hound! You freeze the hound.
The hound is severely wounded.
The hound bites you but does no damage. The hound closely misses you.
You closely miss the hound.
The hound is severely wounded.
The hound bites you but does no damage.
You punch the hound! You freeze the hound.
You kill the hound!
Your transformation is almost over.
An ogre comes into view. It is wielding a +0 giant spiked club.
You see here a hound corpse.
The adder barely misses you. The adder closely misses you.
You punch the adder!
The adder seems to slow down.
You freeze the adder.
The adder is almost dead.
The adder bites you but does no damage.
You punch the adder!
The adder seems to slow down.
You freeze the adder.
You kill the adder!
No target in view!
No target in view!
No target in view!
You see here an adder corpse.
You warm up again.
j - 89 bolts (gained 18)
You see here a +0 short sword.
C - a sapphire potion
Casting: Ice Form (quite dangerous; 24% risk of failure)
Confirm with . or Enter, or press ? or * to list all spells.
The spell is quite dangerous to miscast (24% risk of failure)!
Continue anyway?
You turn into a creature of crystalline ice.
Found 18 gold pieces.
The ogre shouts!
A hound comes into view.
The ogre hits you with a +0 giant spiked club!!
Ouch! That really hurt!
You hit the ogre. You freeze the ogre.
The ogre is moderately wounded.
The ogre hits you with a +0 giant spiked club!!
You die...

.## ...# #####
...##.... ####
#..#... #..####
#$...h #.....###
#...# ##.......##
#.O#####.........#
#Y##...........##
#..............# #..
#.............## ..#
#............)#
#..##
#............##
#...#
##............#
#..##
#.......†..†.##
#...###...........##
#
##...#........>...##
##


You could see an ogre and a hound.

Vanquished Creatures
  2 ogres (D:5)
  2 water moccasin skeletons (D:4)
  A crimson imp (D:4)
  A hound (D:5)
  Ijyb (D:3)
  An iguana (D:4)
  A scorpion zombie (D:5)
  4 adders
  A worm (D:2)
  2 dart slugs
  13 orcs
  9 ball pythons
  3 bats
  7 endoplasms
  12 giant cockroaches
  6 goblins
  6 hobgoblins
  6 kobolds
  2 quokkas (D:4)
  2 frilled lizards
  A goblin skeleton (D:4)
  2 goblin zombies (D:4)
  3 hobgoblin zombies (D:4)
  An orc skeleton (D:4)
  An orc zombie (D:4)
  4 rats
94 creatures vanquished.

Vanquished Creatures (others)
  5 plants (D:4)
5 creatures vanquished.

Grand Total: 99 creatures vanquished

Notes
Turn   | Place    | Note
-------+----------+-------------------------------------------
     0 | D:1      | erker the Octopode Transmuter began the quest for the Orb.
     0 | D:1      | Reached XP level 1. HP: 13/13 MP: 3/3
   294 | D:1      | Reached XP level 2. HP: 18/18 MP: 3/5
   354 | D:1      | Found a faded altar of an unknown god.
   736 | D:2      | Found Asenk's Antique Armour Emporium.
   953 | D:2      | Reached XP level 3. HP: 19/23 MP: 4/6
  1853 | D:3      | Reached skill level 1 in Stealth
  1926 | D:3      | Reached XP level 4. HP: 28/28 MP: 7/7
  1934 | D:3      | Learned a level 4 spell: Ice Form
  1978 | D:3      | Noticed Ijyb
  2077 | D:3      | Found an iron altar of Okawaru.
  2086 | D:3      | Found an opulent altar of Gozag.
  2705 | D:3      | Killed Ijyb
  2706 | D:3      | Reached skill level 1 in Ice Magic
  2999 | D:4      | Found a glowing golden altar of the Shining One.
  3016 | D:4      | Reached skill level 2 in Ice Magic
  3016 | D:4      | Reached XP level 5. HP: 27/33 MP: 8/8
  3147 | D:4      | Reached skill level 3 in Ice Magic
  3492 | D:4      | Reached skill level 4 in Ice Magic
  3492 | D:4      | Reached XP level 6. HP: 18/38 MP: 9/9
  3958 | D:4      | Found a staircase to the Ecumenical Temple.
  3967 | Temple   | Entered the Ecumenical Temple
  4318 | D:4      | You fall into a shaft and drop 1 floor!
  4318 | D:5      | Entered Level 5 of the Dungeon
  4787 | D:4      | Found Tiemekir's Weapon Shoppe.
  4791 | D:4      | Found Racraust's Antique Armour Shoppe.
  4823 | D:4      | Reached skill level 5 in Ice Magic
  5086 | D:4      | Reached XP level 7. HP: 43/43 MP: 10/10
  5202 | D:5      | Identified the +0 pair of boots of Forking Paths {rC++
                  | Regen+ Str+3}
  5299 | D:5      | Slain by an ogre

Illustrated notes

Levels and vault maps discovered:
D:1:      heliophobic_arrival_enchanted_forest, layout_basic,
          hellmonk_ecumenical_altar_inner_sanctum
D:2:      minmay_roachtagon, layout_rooms, serial_shops,
          nicolae_shop_advertising_works [nicolae_subvault_shop_adworks],
          nrook_mini_vaults, minmay_surrounded
D:3:      layout_loops_ring, nicolae_overflow_squiral,
          kennysheep_decorative_pillar, uniq_ijyb
D:4:      layout_basic, nicolae_tso_besieged_by_evil,
          minmay_temple_entry_overgrown, nicolae_wooded_promenade
D:5:      layout_cave_pods, makhleb_heckhound_becter, kennysheep_mini_moat
Temple:   minmay_temple_forest_path

Skill      XL: |  1  2  3  4  5  6 |
---------------+-------------------+-----
Transmutations | 3 4 |  4.0
Stealth        | 1 |  1.5
Ice Magic      | 2 4 5 |  5.8
Unarmed Combat | 4 |  4.0
Fighting       | |  1.0
Dodging        | |  2.0
Spellcasting   | |  2.0

Action                   |  1- 3 |  4- 6 |  7- 9 || total
-------------------------+-------+-------+-------++-------
Melee: Unarmed           |    71 |   135 |    10 ||   216
       Kick              |    26 |    32 |       ||    58
       Constrict         |    23 |    27 |       ||    50
       Tentacles         |    18 |    25 |       ||    43
       Punch             |       |     2 |       ||     2
 Fire: Hand crossbow     |       |     5 |       ||     5
 Cast: Beastly Appendage |    24 |    25 |       ||    49
       Ice Form          |       |     4 |     2 ||     6
  Use: Potion            |       |     2 |       ||     2
 Stab: Sleeping          |     7 |     7 |       ||    14
Armor: Skin              |     2 |    17 |     4 ||    23
Dodge: Dodged            |    41 |    76 |     5 ||   122
